AoeStats
← niklas

Oasis

509707277Analyzed
2v2 RM · 6d ago on Sep 27, 2026· 28m 28s· 4 players
Game mode
Random Map
Map size
Medium (4 player)
Population
200
Speed
Normal
Resources
Standard
Victory
Conquest
Starting age
Dark Age
Ending age
Imperial Age
RankedLock teamsTeams togetherTeam positionsShared explorationLock speedFull tech treeHidden civsTurbo modeCheats
Victory
Defeat
🇩🇪 Portuguese · Germany
801
+12
🇩🇪 Spanish · Germany
774
+13
🇮🇳 Byzantines · India
745
-13
🇲🇽 Lithuanians · Mexico
692
-12
devil
3:41 Loom
4:11 Loom
6:09 Loom
7:40 Loom
11:12 Feudal Age
12:34 Wheelbarrow
11:26 Man-at-Arms
20:08 Castle Age
18:10 Double-Bit Axe
20:39 Pikeman
21:43 Stone Mining
21:38 Horse Collar
24:32 Stone Shaft Mining
26:56 Wheelbarrow
27:13 Elite Skirmisher
AMADOMANDA
0:29 Loom
16:00 Feudal Age
16:33 Gold Mining
16:33 Stone Mining
16:29 Double-Bit Axe
16:25 Horse Collar
19:16 Wheelbarrow
22:06 Castle Age
19:52 Town Watch
23:05 Hand Cart
23:37 Bow Saw
23:29 Heavy Plow
24:07 Stone Shaft Mining
niklas
8:31 Loom
11:56 Feudal Age
18:08 Castle Age
17:48 Wheelbarrow
19:27 Horse Collar
20:38 Hand Cart
22:41 Double-Bit Axe
26:36 Bow Saw
26:31 Heavy Plow
28:00 Pikeman
flixy
7:08 Loom
10:12 Feudal Age
8:51 Loom
11:38 Feudal Age
13:46 Town Watch
17:04 Castle Age
17:25 Bloodlines
17:08 Gold Mining
19:12 Double-Bit Axe
19:14 Horse Collar
26:50 Scale Barding Armor
28:03 Husbandry
Connection lost

Rejoining the realm…

Still unreachable

The connection could not be restored.

Session expired

The server has moved on; the page needs a fresh start.